 Dungeon Crawl Stone Soup version 0.30.1 (webtiles) character file.

Game seed: 3234680534363884775

387 Pepete the Magician (level 7, -3/75 HPs)
             Began as a Djinni Fire Elementalist on July 5, 2023.
             Killed by divine providence
             ... invoked by an orc priest
              (14 damage)
             ... while paralysed by Grinder
             ... on level 4 of the Dungeon.
             The game lasted 00:12:45 (4776 turns).

Pepete the Magician (Djinni Fire Elementalist)      Turns: 4776, Time: 00:12:46

Health: -3/75      AC: 23    Str:  7    XL:     7   Next: 6%
Gold:   227        EV:  2    Int: 19    God:
                   SH:  0    Dex: 13

rFire   + . .        (no weapon)
rCold   + . .        (no shield)
rNeg    . . .        h - melded +0 robe
rPois   ∞            n - melded +0 helmet
rElec   +            (cloak currently unavailable)
rCorr   +            (gloves currently unavailable)
SInv    .            (boots unavailable)
Will    .....        (no amulet)
Stlth   ++           (no ring)
HPRegen 0.32/turn    (no ring)
MPRegen 0.00/turn

%: infuse magic (-4 HP)
@: paralysed, tree-form, resistant, on berserk cooldown, slowed
A: stationary, stasis, torment immunity, boosted hp, sickness immunity, (fire
resistance 2), (cold vulnerability 1), float, innate caster, HP casting, extra
vitality 1
a: no special abilities


You were on level 4 of the Dungeon.
You were a tree.
You visited 1 branch of the dungeon, and saw 4 of its levels.

You collected 227 gold pieces.

Inventory:

Missiles
 d - 3 poisoned darts (quivered)
Armour
 h - a +0 robe (melded)
 n - a +0 helmet (melded)
Wands
 a - a wand of iceblast (12)
Scrolls
 b - a scroll of poison
 e - a scroll of immolation
 g - a scroll of teleportation {unknown}
 i - 2 scrolls of noise {unknown}
 l - a scroll of identify
Potions
 c - 2 potions of berserk rage
 k - a potion of cancellation {unknown}


   Skills:
 * Level 3.6 Fighting
 - Level 2.1 Dodging
 - Level 1.5 Stealth
 * Level 3.8 Spellcasting
 * Level 3.5 Invocations


You knew the following spells:

 Your Spells              Type           Power      Damage    Failure   Level
a - Foxfire               Conj/Fire      72%        2x1d7     3%          1
b - Scorch                Fire           36%        2d7       4%          2
c - Volatile Blastmotes   Fire/Tloc      36%        2d13      9%          3
d - Inner Flame           Hex/Fire       18%        N/A       9%          3
e - Flame Wave            Conj/Fire      18%        2d7       28%         4
f - Summon Small Mammal   Summ           72%        N/A       3%          1
g - Momentum Strike       Conj/Tloc      36%        3d9       4%          2
h - Teleport Other        Tloc           18%        N/A       9%          3
Your spell library was empty.

Dungeon Overview and Level Annotations

Branches:
Dungeon (4/15)
 Temple: D:4-7

Altars:
Qazlal

Shops:
D:2 (

Annotations:
D:4 Grinder


Innate Abilities, Weirdness & Mutations

You are a tree.
Your roots penetrate the ground, keeping you stationary.
You cannot be teleported.
You are immune to unholy pain and torment.
Your maximum health is greatly increased.
Your equipment is partially melded.
You are immune to sickness and miasma.
You are immune to poison.
((Your flesh is very heat resistant. (rF++)))
((You are vulnerable to cold. (rC-)))
You float through the air rather than walking.
You learn spells naturally, not from books.
Your magical power is your life essence.
You have superior vitality. (+4 MHP)


Message History

It was a potion of berserk rage.
A red film seems to cover your vision as you go berserk!
You feel yourself moving faster!
You feel mighty! Something hits you.
* * * LOW HITPOINT WARNING * * *
Grinder misses you.
You are too berserk!
You feel a strong urge to attack something.
You see here a +3 ring mail.
Grinder is no longer more vulnerable to fire.
You feel your anger nearly subside.
You hear some strange, mumbled words.
Something tries to affect you, but you resist.
You are no longer berserk.
You are exhausted.
You feel yourself slow down.
Grinder says, "Tell me all your secrets, or I'll kill you."
It was a potion of resistance.
You feel protected.
Grinder says, "I used to sell toenails on the black market."
Grinder blinks!
It was a potion of lignification.
You turn into a tree.
Your +0 helmet melds into your body.
Your +0 robe melds into your body.
Your roots penetrate the ground.
An orc wizard appears from thin air!
Reactivating autopickup.
Grinder gestures at you.
You suddenly lose the ability to move!
The orc wizard hits you but does no damage.
The orc wizard casts a spell at you.
The magic dart hits you but does no damage.
The orc wizard hits you but does no damage.
Grinder hits you but does no damage.
The orc wizard hits you but does no damage.
Grinder hits you but does no damage.
The orc priest hits you but does no damage.
The orc wizard mumbles some strange words.
The orc wizard flickers and vanishes!
Deactivating autopickup; reactivate with Ctrl-A.
The orc priest mumbles some strange prayers to Beogh against you.
Beogh smites you!
You die...

.## ## .. .. 5o
######.## .# .......# )#
#.....# ######.# #.....#
#####......#
#.....#######..[.......#
#..........♣{..##......#
#.....###..5o..##......#
#.....# #......##......#
#.....# #......#########
#####.####+#.....
...#....[.#..#...
#.#..##..#..#.##.
#........#..#.#
#........#


You could see Grinder and an orc priest.

Vanquished Creatures
  Sigmund (D:3)
  Jessica (D:3)
  An orc wizard (D:4)
  Natasha (D:2)
  Robin (D:3)
  3 adders (D:3)
  2 worms
  2 dart slugs
  4 orcs
  6 ball pythons
  9 endoplasms
  3 giant cockroaches
  12 goblins
  6 hobgoblins
  12 jackals
  11 kobolds
  3 quokkas
  7 bats
  5 frilled lizards
  4 rats
94 creatures vanquished.

Vanquished Creatures (collateral kills)
  A foxfire (D:2)
1 creature vanquished.

Vanquished Creatures (others)
  333 foxfires
333 creatures vanquished.

Grand Total: 428 creatures vanquished

Notes
Turn   | Place    | Note
-------+----------+-------------------------------------------
     0 | D:1      | Pepete the Djinni Fire Elementalist began the quest for the
                  | Orb.
     0 | D:1      | Pepete set off with the following spells memorised:
                  | Foxfire, Scorch, Volatile Blastmotes, Inner Flame, Flame
                  | Wave.
     0 | D:1      | Reached XP level 1. HP: 15/15 MP: 0/0
   391 | D:1      | Reached XP level 2. HP: 17/22 MP: 0/0
   818 | D:1      | Reached skill level 1 in Fighting
   818 | D:1      | Reached skill level 1 in Invocations
   937 | D:1      | Reached XP level 3. HP: 22/27 MP: 0/0
   937 | D:1      | Learned a level 1 spell: Summon Small Mammal
  2396 | D:2      | Reached XP level 4. HP: 31/32 MP: 0/0
  2541 | D:2      | Noticed Natasha
  2553 | D:2      | Killed Natasha
  2872 | D:2      | Found Vonyepnout's Antique Weapon Boutique.
  3133 | D:3      | Reached XP level 5. HP: 33/38 MP: 0/0
  3133 | D:3      | Learned a level 2 spell: Momentum Strike
  3310 | D:3      | Noticed Sigmund
  3461 | D:3      | Killed Sigmund
  3462 | D:3      | Reached XP level 6. HP: 46/46 MP: 0/0
  3539 | D:3      | Noticed Jessica
  3545 | D:3      | Killed Jessica
  3762 | D:3      | Found a stormy altar of Qazlal.
  3905 | D:3      | Noticed Robin
  3911 | D:3      | Killed Robin
  4618 | D:3      | Found a faded altar of an unknown god.
  4745 | D:4      | Noticed Grinder
  4750 | D:4      | Reached XP level 7. HP: 44/50 MP: 0/0
  4750 | D:4      | Learned a level 3 spell: Teleport Other
  4772 | D:4      | Paralysed by Grinder for 5 turns
  4776 | D:4      | Killed from afar by an orc priest

Illustrated notes

Levels and vault maps discovered:
D:1:      dpeg_arrival_shrine, layout_loops_ring, minmay_misc_feat_enclosed
D:2:      layout_loops_ring, serial_shops, nicolae_shop_behind_doors,
          minmay_misc_feat_more_columns, serial_bayou_lagoon_a,
          minmay_tiny_reverse_x, uniq_natasha
D:3:      layout_basic, lemuel_round_altar,
          dreamdust_ecumenical_altar_hidden_monk_grotto, uniq_jessica,
          uniq_sigmund, uniq_robin
D:4:      minmay_general_purpose_star, layout_basic, serial_shops, shop,
          nrook_uturn, uniq_grinder

Skill      XL: |  1  2  3  4  5 |
---------------+----------------+-----
Fighting       | 1 2 3 |  3.6
Invocations    | 1 2 3 |  3.5
Spellcasting   | 3 |  3.8
Dodging        | |  2.1
Stealth        | |  1.5

Action                     |  1- 3 |  4- 6 |  7- 9 || total
---------------------------+-------+-------+-------++-------
  Melee: Unarmed           |     1 |     1 |     1 ||     3
  Throw: Dart              |       |     3 |       ||     3
   Cast: Foxfire           |    86 |   139 |     4 ||   229
         Volatile Blastmot |       |     6 |       ||     6
         Scorch            |       |       |     1 ||     1
  Evoke: Wand              |       |     3 |       ||     3
    Use: Scroll            |     2 |       |       ||     2
         Potion            |       |       |     4 ||     4
 Armour: Robe              |     2 |     2 |       ||     4
         Skin              |       |       |     7 ||     7
  Dodge: Dodged            |    16 |     9 |     2 ||    27
